 Dungeon Sprint DCSS version 0.27-a0-1513-g2aaa0cc67b (webtiles) character file.

Game seed: 9606996887933617243

109 mhtbhm the Skirmisher (level 4, -2/45 HPs)
             Began as a Minotaur Fighter on July 9, 2021.
             Slain by Sigmund (3 damage)
             ... in the Dungeon (Sprint I: "Red Sonja").
             The game lasted 00:00:16 (241 turns).

mhtbhm the Skirmisher (Minotaur Fighter)             Turns: 241, Time: 00:00:17

Health: -2/45      AC: 10    Str: 22    XL:     4   Next: 60%
Magic:  3/3        EV:  6    Int:  5    God:
Gold:   54         SH: 10    Dex:  9    Spells: 3/3 levels left

rFire    . . .     SeeInvis .   a - +0 trident
rCold    . . .     Faith    .   c - +0 kite shield
rNeg     . . .     Spirit   .   b - +0 chain mail
rPois    .         Reflect  .   (helmet restricted)
rElec    .         Harm     .   (no cloak)
rCorr    .         Rampage  .   (no gloves)
Will     .....     NoTele   +   (no boots)
Stlth    ..........             (no amulet)
HPRegen  0.15/turn              (no ring)
MPRegen  0.08/turn              (no ring)

@: no status effects
A: horns 2, retaliatory headbutt
a: no special abilities


You were in the Dungeon.
You visited 1 branch You collected 54 gold pieces.

Inventory:

Hand Weapons
 a - a +0 trident (weapon)
Armour
 b - a +0 chain mail (worn)
 c - a +0 kite shield (worn)
Wands
 k - a wand of polymorph (3)
Scrolls
 j - a scroll of blinking
Potions
 d - a potion of might
 e - a potion of curing
 f - a potion of heal wounds
 g - a potion of haste
 h - 2 potions of magic
 i - a potion of berserk rage


   Skills:
 + Level 6.9 Fighting
 + Level 5.3 Polearms
 + Level 6.6 Armour
 + Level 6.7 Shields


You had 3 spell levels left.
You didn't know any spells.
Your spell library was empty.

Dungeon Overview and Level Annotations

Branches:
Dungeon (1/1)

Altars:

Annotations:
D Sigmund


Innate Abilities, Weirdness & Mutations

You have a pair of horns on your head.
You reflexively headbutt those who attack you in melee.


Message History

There is an open door here.
You now have 27 gold pieces.
You now have 54 gold pieces (gained 27).
There is an open door here.
No target in view!
You open the door.
Sigmund the Dreaded comes into view.
He is wielding a +0 scythe.
Sigmund shouts!
You reach to attack!
Your shield and chain mail prevent you from hitting Sigmund.
Sigmund mumbles some strange words.
Sigmund flickers and vanishes!
Deactivating autopickup; reactivate with Ctrl-A.
Something hits you.
No target in view!
No target in view!
No target in view!
No target in view!
No target in view!
No target in view!
No target in view!
No target in view!
No target in view!
Something hits you.
There is an open door here.
You miss something. Your headbutt misses something. Something hits you!
You closely miss something. Something hits you.
You barely miss something. You headbutt something! Something hits you!
You puncture something! Your headbutt misses something. Something hits you.
You hit something but do no damage. You block something's attack.
You hit something. Something hits you but does no damage.
You miss something. You headbutt something! Something hits you!
* * * LOW HITPOINT WARNING * * *
You miss something. Something hits you!
* * * LOW HITPOINT WARNING * * *
You miss something. Something hits you but does no damage.
You closely miss something. Something hits you but does no damage.
You block something's attack.
You closely miss something. Something hits you.
You die...

#############
#<.#..)..#..+
#..).[#..@{.#
#..#####'####
#..# #..#
#..# ####
#..# #⌠⌠#
####


There were no monsters in sight!

Vanquished Creatures
  An ogre (D)
  Ijyb (D)
2 creatures vanquished.

Notes
Turn   | Place    | Note
-------+----------+-------------------------------------------
     0 | D        | mhtbhm the Minotaur Fighter began the quest for the Orb.
     0 | D        | Reached XP level 1. HP: 19/19 MP: 0/0
     1 | D        | Noticed Ijyb
    17 | D        | Killed Ijyb
    18 | D        | Reached skill level 5 in Fighting
    18 | D        | Reached skill level 5 in Armour
    18 | D        | Reached skill level 5 in Shields
    18 | D        | Reached XP level 2. HP: 15/29 MP: 1/1
   187 | D        | Noticed an ogre
   191 | D        | Killed an ogre
   192 | D        | Reached skill level 5 in Polearms
   192 | D        | Reached XP level 3. HP: 38/38 MP: 2/2
   192 | D        | Reached XP level 4. HP: 45/45 MP: 3/3
   228 | D        | Noticed Sigmund
   238 | D        | HP: 1/45 [something (8)]
   241 | D        | Slain by Sigmund

Illustrated notes

Levels and vault maps discovered:
D:        dungeon_sprint_1 [red_sonja_temple_1, red_sonja_temple_small_1]

Skill      XL: |  1  2 |
---------------+-------+-----
Fighting       | 5 6 |  6.9
Polearms       | 3 5 |  5.3
Armour         | 5 6 |  6.6
Shields        | 5 6 |  6.7

Action                   |  1- 3 |  4- 6 || total
-------------------------+-------+-------++-------
Melee: Trident           |    18 |    12 ||    30
       Headbutt          |     2 |     2 ||     4
Armor: Skin              |     4 |       ||     4
       Chain mail        |     1 |     3 ||     4
Dodge: Dodged            |     1 |       ||     1
Block: Kite shield       |     5 |     2 ||     7

Table legend: (Time is in decaauts)
 A = Elapsed time spent in this place.
 B = Non-inter-level travel time spent in this place.
 C = Inter-level travel time spent in this place.
 D = Time resting spent in this place.
 E = Time spent auto-exploring this place.
 F = Levels seen in this place.
 G = Mean time per level.
                   A        B        C        D        E       F      G
               +--------+--------+--------+--------+--------+-----+--------+
         Total |    250 |    250 |      0 |    170 |      1 |   1 |  250.0 |
       Dungeon |    250 |    250 |      0 |    170 |      1 |   1 |  250.0 |
               +--------+--------+--------+--------+--------+-----+--------+

Top non-repeatable levels by time:
       D: 250 daAuts
